 Dungeon Crawl Stone Soup version 0.26-a0-597-gb535b0901c (webtiles) character file.

Game seed: 6006869077616223306

(classic levelgen) 15 EnegeticOcto the Shield-Bearer (level 2, 21/27 HPs)
             Began as a Deep Dwarf Fighter on Aug 29, 2020.
             Quit the game on level 1 of the Dungeon.
             The game lasted 00:00:10 (119 turns).

EnegeticOcto the Shield-Bearer (Deep Dwarf Fighter)  Turns: 119, Time: 00:00:11

Health: 21/27      AC:  6    Str: 19    XL:     2   Next: 34%
Magic:  2/2        EV:  7    Int:  8    God:
Gold:   9          SH:  9    Dex: 12    Spells: 1/1 levels left

rFire    . . .     SeeInvis .   a - +0 war axe
rCold    . . .     Faith    .   c - +0 kite shield
rNeg     . . .     Spirit   .   b - +0 scale mail
rPois    .         Reflect  .   (no helmet)
rElec    .         Harm     .   (no cloak)
rCorr    .                      (no gloves)
MR       .....                  (no boots)
Stlth    ..........             (no amulet)
HPRegen  0.00/turn              (no ring)
MPRegen  0.08/turn              (no ring)

@: non-regenerating
A: damage resistance, heal wounds, sense surroundings 1, no regeneration
a: Heal Wounds


You were on level 1 of the Dungeon.
You visited 1 branch of the dungeon, and saw 1 of its levels.

You collected 9 gold pieces.

Inventory:

Hand Weapons
 a - a +0 war axe (weapon)
Armour
 b - a +0 scale mail (worn)
 c - a +0 kite shield (worn)
Scrolls
 e - 2 scrolls of magic mapping {unknown}
 f - a scroll of enchant weapon {unknown}
Potions
 d - a potion of might {@q3}
 g - a potion of heal wounds {unknown}
 h - a potion of curing {unknown}


   Skills:
 + Level 2.8 Fighting
 * Level 2.7 Axes
 + Level 3.4 Armour
 + Level 3.4 Shields


You had one spell level left.
You didn't know any spells.
Your spell library was empty.

Dungeon Overview and Level Annotations

Branches:
Dungeon (1/15)

Altars:


Innate Abilities, Weirdness & Mutations

You are resistant to damage.
You can heal yourself by infusing magical energy.
You passively map a small area around you.
You do not regenerate.


Message History

The bat closely misses you. You block the bat's attack.
You block the bat's attack. You block the bat's attack. x2
A bat is nearby!
A bat is nearby!
A bat is nearby!
A bat is nearby!
A bat is nearby!
A bat is nearby!
A bat is nearby!
A bat is nearby!
You closely miss the bat. You block the bat's attack.
The bat hits you but does no damage. The bat hits you but does no damage.
The bat barely misses you.
You hit the bat.
The bat is severely wounded.
You block the bat's attack.
You closely miss the bat.
The bat is severely wounded.
The bat hits you but does no damage. x2
The bat hits you but does no damage.
You barely miss the bat.
The bat is severely wounded.
The bat closely misses you. You block the bat's attack.
You hit the bat.
You kill the bat!
No target in view!
No target in view!
No target in view!
No target in view!
No target in view!
No target in view!
No target in view!
No target in view!
No target in view!
No target in view!
No target in view!
You open the door.
A kobold comes into view. It is wielding a +0 short sword.
The kobold shouts!
You hear a shout!
A ball python comes into view.
There is an open door here.
There are monsters nearby!
There are monsters nearby!
There are monsters nearby!
There are monsters nearby!
There are monsters nearby!
There are monsters nearby!
There are monsters nearby!
There are monsters nearby!
There are monsters nearby!
There are monsters nearby!
There are monsters nearby!
There are monsters nearby!
The ball python hisses angrily.
A bat comes into view.
You barely miss the bat. You block the bat's attack. x2
You closely miss the bat. The bat hits you but does no damage.
A dart slug comes into view.
You closely miss the kobold. The bat hits you but does no damage.
You block the bat's attack. You block the kobold's attack.
You barely miss the kobold. You barely miss the bat.
The bat closely misses you. The kobold closely misses you.
The ball python bites you. You block the ball python's attack.
The kobold hits you with a +0 short sword.
The bat barely misses you.
You closely miss the ball python. You closely miss the kobold.
You barely miss the bat. The bat hits you but does no damage.
The ball python bites you. The ball python grabs you.
The ball python constricts you. The kobold barely misses you.
The ball python bites you but does no damage.
The ball python constricts you.
You slash the ball python!
You kill the ball python!
You hit the kobold but do no damage. The bat hits you but does no damage.
You block the bat's attack.
The kobold hits you with a +0 short sword.
The kobold hits you but does no damage. The bat hits you but does no damage.
You barely miss the kobold. You hit the bat. The bat barely misses you.
The kobold barely misses you.
You closely miss the kobold. You block the kobold's attack.
You slash the bat!
You kill the bat!
You hit the kobold. The kobold hits you but does no damage.
You block the kobold's attack.
You slash the kobold!
You kill the kobold!
You hit the dart slug.
The dart slug bites you but does no damage.
You hit the dart slug.
The dart slug is heavily wounded.
You block the dart slug's attack.
A dart slug is nearby!
A dart slug is nearby!
A dart slug is nearby!
A dart slug is nearby!
A dart slug is nearby!
Are you sure you want to abandon this character and quit the game? (Confirm with "yes".)

...††....###''###.# *
....†....#.....##.## ,, *
.........#..<..+...+, , *
#+#'#....#.....+...#, , ,
†.#.#..#.#######...####
#...#..#..............#...
##†.##############........
.#....., ........'........
...###... ##..#†@#........
.#.. ,... ,,#.)w#........
##.# ,,.. .....#####+#+##*
#..# ** .###... .+., .....
, * .. ....## * * .. .....
,, # ..... , ,


You could see a dart slug.

Vanquished Creatures
  A dart slug (D:1)
  A leopard gecko (D:1)
  A goblin (D:1)
  A hobgoblin (D:1)
  A ball python (D:1)
  2 bats (D:1)
  3 kobolds (D:1)
  3 rats (D:1)
13 creatures vanquished.

Notes
Turn   | Place    | Note
-------+----------+-------------------------------------------
     0 | D:1      | EnegeticOcto the Deep Dwarf Fighter began the quest for the
                  | Orb.
     0 | D:1      | Reached XP level 1. HP: 20/20 MP: 1/1
    34 | D:1      | Reached XP level 2. HP: 25/27 MP: 2/2
   119 | D:1      | Quit the game

Illustrated notes

Levels and vault maps discovered:
D:1:      dpeg_arrival_houses_and_road, layout_basic, minmay_box_of_dots

Action                   || total
-------------------------++-------
Melee: War axe           ||    46
Armor: Scale mail        ||    34
Dodge: Dodged            ||    20
Block: Kite shield       ||    32

Table legend: (Time is in decaauts)
 A = Elapsed time spent in this place.
 B = Non-inter-level travel time spent in this place.
 C = Inter-level travel time spent in this place.
 D = Time resting spent in this place.
 E = Time spent auto-exploring this place.
 F = Levels seen in this place.
 G = Mean time per level.
                   A        B        C        D        E       F      G
               +--------+--------+--------+--------+--------+-----+--------+
         Total |    140 |    140 |      0 |      0 |     36 |   1 |  140.0 |
       Dungeon |    140 |    140 |      0 |      0 |     36 |   1 |  140.0 |
               +--------+--------+--------+--------+--------+-----+--------+

Top non-repeatable levels by time:
     D:1: 140 daAuts
